%YAML 1.1
%TAG !u! tag:unity3d.com,2011:
--- !u!29 &1
OcclusionCullingSettings:
  m_ObjectHideFlags: 0
  serializedVersion: 2
  m_OcclusionBakeSettings:
    smallestOccluder: 5
    smallestHole: 0.25
    backfaceThreshold: 100
  m_SceneGUID: 00000000000000000000000000000000
  m_OcclusionCullingData: {fileID: 0}
--- !u!104 &2
RenderSettings:
  m_ObjectHideFlags: 0
  serializedVersion: 9
  m_Fog: 0
  m_FogColor: {r: 0.5, g: 0.5, b: 0.5, a: 1}
  m_FogMode: 3
  m_FogDensity: 0.01
  m_LinearFogStart: 0
  m_LinearFogEnd: 300
  m_AmbientSkyColor: {r: 0.212, g: 0.227, b: 0.259, a: 1}
  m_AmbientEquatorColor: {r: 0.114, g: 0.125, b: 0.133, a: 1}
  m_AmbientGroundColor: {r: 0.047, g: 0.043, b: 0.035, a: 1}
  m_AmbientIntensity: 1
  m_AmbientMode: 3
  m_SubtractiveShadowColor: {r: 0.42, g: 0.478, b: 0.627, a: 1}
  m_SkyboxMaterial: {fileID: 0}
  m_HaloStrength: 0.5
  m_FlareStrength: 1
  m_FlareFadeSpeed: 3
  m_HaloTexture: {fileID: 0}
  m_SpotCookie: {fileID: 10001, guid: 0000000000000000e000000000000000, type: 0}
  m_DefaultReflectionMode: 0
  m_DefaultReflectionResolution: 128
  m_ReflectionBounces: 1
  m_ReflectionIntensity: 1
  m_CustomReflection: {fileID: 0}
  m_Sun: {fileID: 0}
  m_IndirectSpecularColor: {r: 0, g: 0, b: 0, a: 1}
  m_UseRadianceAmbientProbe: 0
--- !u!157 &3
LightmapSettings:
  m_ObjectHideFlags: 0
  serializedVersion: 11
  m_GIWorkflowMode: 1
  m_GISettings:
    serializedVersion: 2
    m_BounceScale: 1
    m_IndirectOutputScale: 1
    m_AlbedoBoost: 1
    m_EnvironmentLightingMode: 0
    m_EnableBakedLightmaps: 0
    m_EnableRealtimeLightmaps: 0
  m_LightmapEditorSettings:
    serializedVersion: 12
    m_Resolution: 2
    m_BakeResolution: 40
    m_AtlasSize: 1024
    m_AO: 0
    m_AOMaxDistance: 1
    m_CompAOExponent: 1
    m_CompAOExponentDirect: 0
    m_ExtractAmbientOcclusion: 0
    m_Padding: 2
    m_LightmapParameters: {fileID: 0}
    m_LightmapsBakeMode: 1
    m_TextureCompression: 1
    m_FinalGather: 0
    m_FinalGatherFiltering: 1
    m_FinalGatherRayCount: 256
    m_ReflectionCompression: 2
    m_MixedBakeMode: 2
    m_BakeBackend: 1
    m_PVRSampling: 1
    m_PVRDirectSampleCount: 32
    m_PVRSampleCount: 512
    m_PVRBounces: 2
    m_PVREnvironmentSampleCount: 256
    m_PVREnvironmentReferencePointCount: 2048
    m_PVRFilteringMode: 1
    m_PVRDenoiserTypeDirect: 1
    m_PVRDenoiserTypeIndirect: 1
    m_PVRDenoiserTypeAO: 1
    m_PVRFilterTypeDirect: 0
    m_PVRFilterTypeIndirect: 0
    m_PVRFilterTypeAO: 0
    m_PVREnvironmentMIS: 1
    m_PVRCulling: 1
    m_PVRFilteringGaussRadiusDirect: 1
    m_PVRFilteringGaussRadiusIndirect: 5
    m_PVRFilteringGaussRadiusAO: 2
    m_PVRFilteringAtrousPositionSigmaDirect: 0.5
    m_PVRFilteringAtrousPositionSigmaIndirect: 2
    m_PVRFilteringAtrousPositionSigmaAO: 1
    m_ExportTrainingData: 0
    m_TrainingDataDestination: TrainingData
  m_LightingDataAsset: {fileID: 0}
  m_UseShadowmask: 1
--- !u!196 &4
NavMeshSettings:
  serializedVersion: 2
  m_ObjectHideFlags: 0
  m_BuildSettings:
    serializedVersion: 2
    agentTypeID: 0
    agentRadius: 0.5
    agentHeight: 2
    agentSlope: 45
    agentClimb: 0.4
    ledgeDropHeight: 0
    maxJumpAcrossDistance: 0
    minRegionArea: 2
    manualCellSize: 0
    cellSize: 0.16666667
    manualTileSize: 0
    tileSize: 256
    accuratePlacement: 0
    debug:
      m_Flags: 0
  m_NavMeshData: {fileID: 0}
--- !u!4 &538630843 stripped
Transform:
  m_CorrespondingSourceObject: {fileID: 8209722960123097094, guid: fefa3bfd308ec9b499cc32b34466a4d9,
    type: 3}
  m_PrefabInstance: {fileID: 1826784514}
  m_PrefabAsset: {fileID: 0}
--- !u!1001 &891788650
PrefabInstance:
  m_ObjectHideFlags: 0
  serializedVersion: 2
  m_Modification:
    m_TransformParent: {fileID: 0}
    m_Modifications:
    - target: {fileID: 301179724900238337, guid: b68ffb44eea8dbf49be6e4d6f7c647f6,
        type: 3}
      propertyPath: m_LocalPosition.x
      value: -0.4145193
      objectReference: {fileID: 0}
    - target: {fileID: 301179724900238337, guid: b68ffb44eea8dbf49be6e4d6f7c647f6,
        type: 3}
      propertyPath: m_LocalPosition.y
      value: 7.0970716
      objectReference: {fileID: 0}
    - target: {fileID: 301179724900238337, guid: b68ffb44eea8dbf49be6e4d6f7c647f6,
        type: 3}
      propertyPath: m_LocalPosition.z
      value: -13.886889
      objectReference: {fileID: 0}
    - target: {fileID: 301179724900238337, guid: b68ffb44eea8dbf49be6e4d6f7c647f6,
        type: 3}
      propertyPath: m_LocalRotation.x
      value: 0
      objectReference: {fileID: 0}
    - target: {fileID: 301179724900238337, guid: b68ffb44eea8dbf49be6e4d6f7c647f6,
        type: 3}
      propertyPath: m_LocalRotation.y
      value: 0
      objectReference: {fileID: 0}
    - target: {fileID: 301179724900238337, guid: b68ffb44eea8dbf49be6e4d6f7c647f6,
        type: 3}
      propertyPath: m_LocalRotation.z
      value: 0
      objectReference: {fileID: 0}
    - target: {fileID: 301179724900238337, guid: b68ffb44eea8dbf49be6e4d6f7c647f6,
        type: 3}
      propertyPath: m_LocalRotation.w
      value: 1
      objectReference: {fileID: 0}
    - target: {fileID: 301179724900238337, guid: b68ffb44eea8dbf49be6e4d6f7c647f6,
        type: 3}
      propertyPath: m_RootOrder
      value: 8
      objectReference: {fileID: 0}
    - target: {fileID: 301179724900238337, guid: b68ffb44eea8dbf49be6e4d6f7c647f6,
        type: 3}
      propertyPath: m_LocalEulerAnglesHint.x
      value: 0
      objectReference: {fileID: 0}
    - target: {fileID: 301179724900238337, guid: b68ffb44eea8dbf49be6e4d6f7c647f6,
        type: 3}
      propertyPath: m_LocalEulerAnglesHint.y
      value: 0
      objectReference: {fileID: 0}
    - target: {fileID: 301179724900238337, guid: b68ffb44eea8dbf49be6e4d6f7c647f6,
        type: 3}
      propertyPath: m_LocalEulerAnglesHint.z
      value: 0
      objectReference: {fileID: 0}
    - target: {fileID: 301179724900238343, guid: b68ffb44eea8dbf49be6e4d6f7c647f6,
        type: 3}
      propertyPath: m_Name
      value: Game Session
      objectReference: {fileID: 0}
    - target: {fileID: 1194125677369388594, guid: b68ffb44eea8dbf49be6e4d6f7c647f6,
        type: 3}
      propertyPath: m_AnchorMin.x
      value: 1
      objectReference: {fileID: 0}
    - target: {fileID: 1194125677369388594, guid: b68ffb44eea8dbf49be6e4d6f7c647f6,
        type: 3}
      propertyPath: m_AnchorMax.x
      value: 1
      objectReference: {fileID: 0}
    - target: {fileID: 1194125677369388594, guid: b68ffb44eea8dbf49be6e4d6f7c647f6,
        type: 3}
      propertyPath: m_AnchoredPosition.x
      value: -77
      objectReference: {fileID: 0}
    - target: {fileID: 1194125677369388594, guid: b68ffb44eea8dbf49be6e4d6f7c647f6,
        type: 3}
      propertyPath: m_AnchoredPosition.y
      value: -28
      objectReference: {fileID: 0}
    - target: {fileID: 2534513071622963210, guid: b68ffb44eea8dbf49be6e4d6f7c647f6,
        type: 3}
      propertyPath: m_LocalPosition.z
      value: 0
      objectReference: {fileID: 0}
    - target: {fileID: 4764112372621677543, guid: b68ffb44eea8dbf49be6e4d6f7c647f6,
        type: 3}
      propertyPath: m_textInfo.characterCount
      value: 0
      objectReference: {fileID: 0}
    - target: {fileID: 4764112372621677543, guid: b68ffb44eea8dbf49be6e4d6f7c647f6,
        type: 3}
      propertyPath: m_textInfo.wordCount
      value: 0
      objectReference: {fileID: 0}
    - target: {fileID: 4764112372621677543, guid: b68ffb44eea8dbf49be6e4d6f7c647f6,
        type: 3}
      propertyPath: m_textInfo.lineCount
      value: 0
      objectReference: {fileID: 0}
    - target: {fileID: 4764112372621677543, guid: b68ffb44eea8dbf49be6e4d6f7c647f6,
        type: 3}
      propertyPath: m_textInfo.pageCount
      value: 0
      objectReference: {fileID: 0}
    m_RemovedComponents: []
  m_SourcePrefab: {fileID: 100100000, guid: b68ffb44eea8dbf49be6e4d6f7c647f6, type: 3}
--- !u!1 &1011395724
GameObject:
  m_ObjectHideFlags: 0
  m_CorrespondingSourceObject: {fileID: 0}
  m_PrefabInstance: {fileID: 0}
  m_PrefabAsset: {fileID: 0}
  serializedVersion: 6
  m_Component:
  - component: {fileID: 1011395725}
  m_Layer: 0
  m_Name: Blocks
  m_TagString: Untagged
  m_Icon: {fileID: 0}
  m_NavMeshLayer: 0
  m_StaticEditorFlags: 0
  m_IsActive: 1
--- !u!4 &1011395725
Transform:
  m_ObjectHideFlags: 0
  m_CorrespondingSourceObject: {fileID: 0}
  m_PrefabInstance: {fileID: 0}
  m_PrefabAsset: {fileID: 0}
  m_GameObject: {fileID: 1011395724}
  m_LocalRotation: {x: 0, y: 0, z: 0, w: 1}
  m_LocalPosition: {x: 6.948397, y: 6.467768, z: -12.638672}
  m_LocalScale: {x: 1, y: 1, z: 1}
  m_Children:
  - {fileID: 538630843}
  m_Father: {fileID: 0}
  m_RootOrder: 6
  m_LocalEulerAnglesHint: {x: 0, y: 0, z: 0}
--- !u!1 &1470422927 stripped
GameObject:
  m_CorrespondingSourceObject: {fileID: 6093330580552306946, guid: 43513b8a1a39b06429bcbc6e0873a733,
    type: 3}
  m_PrefabInstance: {fileID: 1611101006}
  m_PrefabAsset: {fileID: 0}
--- !u!114 &1470422928
MonoBehaviour:
  m_ObjectHideFlags: 0
  m_CorrespondingSourceObject: {fileID: 0}
  m_PrefabInstance: {fileID: 0}
  m_PrefabAsset: {fileID: 0}
  m_GameObject: {fileID: 1470422927}
  m_Enabled: 1
  m_EditorHideFlags: 0
  m_Script: {fileID: 11500000, guid: fbe99d50609fcd745916265ddd6e6ace, type: 3}
  m_Name: 
  m_EditorClassIdentifier: 
--- !u!114 &1470422929
MonoBehaviour:
  m_ObjectHideFlags: 0
  m_CorrespondingSourceObject: {fileID: 0}
  m_PrefabInstance: {fileID: 0}
  m_PrefabAsset: {fileID: 0}
  m_GameObject: {fileID: 1470422927}
  m_Enabled: 1
  m_EditorHideFlags: 0
  m_Script: {fileID: 11500000, guid: 4cff8df72b55d3a4198c32e4d5b6f57f, type: 3}
  m_Name: 
  m_EditorClassIdentifier: 
  breakableBlocks: -1
--- !u!1 &1484672764 stripped
GameObject:
  m_CorrespondingSourceObject: {fileID: 8313157393367171620, guid: 2c98fda708638ff42b68e602d33afbfd,
    type: 3}
  m_PrefabInstance: {fileID: 8313157393936979593}
  m_PrefabAsset: {fileID: 0}
--- !u!114 &1484672765
MonoBehaviour:
  m_ObjectHideFlags: 0
  m_CorrespondingSourceObject: {fileID: 0}
  m_PrefabInstance: {fileID: 0}
  m_PrefabAsset: {fileID: 0}
  m_GameObject: {fileID: 1484672764}
  m_Enabled: 1
  m_EditorHideFlags: 0
  m_Script: {fileID: 11500000, guid: 8cd335069436e1f43829761e0479a3fe, type: 3}
  m_Name: 
  m_EditorClassIdentifier: 
  breakSound: {fileID: 0}
  blockSparklesVFX: {fileID: 0}
  hitSprites: []
  timesHit: 0
--- !u!1001 &1611101006
PrefabInstance:
  m_ObjectHideFlags: 0
  serializedVersion: 2
  m_Modification:
    m_TransformParent: {fileID: 0}
    m_Modifications:
    - target: {fileID: 2801149096310658722, guid: 43513b8a1a39b06429bcbc6e0873a733,
        type: 3}
      propertyPath: m_LocalPosition.x
      value: -0.4145193
      objectReference: {fileID: 0}
    - target: {fileID: 2801149096310658722, guid: 43513b8a1a39b06429bcbc6e0873a733,
        type: 3}
      propertyPath: m_LocalPosition.y
      value: 7.0970716
      objectReference: {fileID: 0}
    - target: {fileID: 2801149096310658722, guid: 43513b8a1a39b06429bcbc6e0873a733,
        type: 3}
      propertyPath: m_LocalPosition.z
      value: -13.886889
      objectReference: {fileID: 0}
    - target: {fileID: 2801149096310658722, guid: 43513b8a1a39b06429bcbc6e0873a733,
        type: 3}
      propertyPath: m_LocalRotation.x
      value: 0
      objectReference: {fileID: 0}
    - target: {fileID: 2801149096310658722, guid: 43513b8a1a39b06429bcbc6e0873a733,
        type: 3}
      propertyPath: m_LocalRotation.y
      value: 0
      objectReference: {fileID: 0}
    - target: {fileID: 2801149096310658722, guid: 43513b8a1a39b06429bcbc6e0873a733,
        type: 3}
      propertyPath: m_LocalRotation.z
      value: 0
      objectReference: {fileID: 0}
    - target: {fileID: 2801149096310658722, guid: 43513b8a1a39b06429bcbc6e0873a733,
        type: 3}
      propertyPath: m_LocalRotation.w
      value: 1
      objectReference: {fileID: 0}
    - target: {fileID: 2801149096310658722, guid: 43513b8a1a39b06429bcbc6e0873a733,
        type: 3}
      propertyPath: m_RootOrder
      value: 7
      objectReference: {fileID: 0}
    - target: {fileID: 2801149096310658722, guid: 43513b8a1a39b06429bcbc6e0873a733,
        type: 3}
      propertyPath: m_LocalEulerAnglesHint.x
      value: 0
      objectReference: {fileID: 0}
    - target: {fileID: 2801149096310658722, guid: 43513b8a1a39b06429bcbc6e0873a733,
        type: 3}
      propertyPath: m_LocalEulerAnglesHint.y
      value: 0
      objectReference: {fileID: 0}
    - target: {fileID: 2801149096310658722, guid: 43513b8a1a39b06429bcbc6e0873a733,
        type: 3}
      propertyPath: m_LocalEulerAnglesHint.z
      value: 0
      objectReference: {fileID: 0}
    - target: {fileID: 6093330580552306946, guid: 43513b8a1a39b06429bcbc6e0873a733,
        type: 3}
      propertyPath: m_Name
      value: Level
      objectReference: {fileID: 0}
    m_RemovedComponents: []
  m_SourcePrefab: {fileID: 100100000, guid: 43513b8a1a39b06429bcbc6e0873a733, type: 3}
--- !u!1001 &1826784514
PrefabInstance:
  m_ObjectHideFlags: 0
  serializedVersion: 2
  m_Modification:
    m_TransformParent: {fileID: 1011395725}
    m_Modifications:
    - target: {fileID: 8209722960123097092, guid: fefa3bfd308ec9b499cc32b34466a4d9,
        type: 3}
      propertyPath: m_Name
      value: Block
      objectReference: {fileID: 0}
    - target: {fileID: 8209722960123097094, guid: fefa3bfd308ec9b499cc32b34466a4d9,
        type: 3}
      propertyPath: m_LocalPosition.x
      value: -1.1622963
      objectReference: {fileID: 0}
    - target: {fileID: 8209722960123097094, guid: fefa3bfd308ec9b499cc32b34466a4d9,
        type: 3}
      propertyPath: m_LocalPosition.y
      value: 0.27340364
      objectReference: {fileID: 0}
    - target: {fileID: 8209722960123097094, guid: fefa3bfd308ec9b499cc32b34466a4d9,
        type: 3}
      propertyPath: m_LocalPosition.z
      value: 12.638672
      objectReference: {fileID: 0}
    - target: {fileID: 8209722960123097094, guid: fefa3bfd308ec9b499cc32b34466a4d9,
        type: 3}
      propertyPath: m_LocalRotation.x
      value: -0
      objectReference: {fileID: 0}
    - target: {fileID: 8209722960123097094, guid: fefa3bfd308ec9b499cc32b34466a4d9,
        type: 3}
      propertyPath: m_LocalRotation.y
      value: -0
      objectReference: {fileID: 0}
    - target: {fileID: 8209722960123097094, guid: fefa3bfd308ec9b499cc32b34466a4d9,
        type: 3}
      propertyPath: m_LocalRotation.z
      value: -0
      objectReference: {fileID: 0}
    - target: {fileID: 8209722960123097094, guid: fefa3bfd308ec9b499cc32b34466a4d9,
        type: 3}
      propertyPath: m_LocalRotation.w
      value: 1
      objectReference: {fileID: 0}
    - target: {fileID: 8209722960123097094, guid: fefa3bfd308ec9b499cc32b34466a4d9,
        type: 3}
      propertyPath: m_RootOrder
      value: 0
      objectReference: {fileID: 0}
    - target: {fileID: 8209722960123097094, guid: fefa3bfd308ec9b499cc32b34466a4d9,
        type: 3}
      propertyPath: m_LocalEulerAnglesHint.x
      value: 0
      objectReference: {fileID: 0}
    - target: {fileID: 8209722960123097094, guid: fefa3bfd308ec9b499cc32b34466a4d9,
        type: 3}
      propertyPath: m_LocalEulerAnglesHint.y
      value: 0
      objectReference: {fileID: 0}
    - target: {fileID: 8209722960123097094, guid: fefa3bfd308ec9b499cc32b34466a4d9,
        type: 3}
      propertyPath: m_LocalEulerAnglesHint.z
      value: 0
      objectReference: {fileID: 0}
    m_RemovedComponents: []
  m_SourcePrefab: {fileID: 100100000, guid: fefa3bfd308ec9b499cc32b34466a4d9, type: 3}
--- !u!114 &1973963198 stripped
MonoBehaviour:
  m_CorrespondingSourceObject: {fileID: 2365048415954815624, guid: 80be961a2daaf43408fb1fc3438268f1,
    type: 3}
  m_PrefabInstance: {fileID: 2365048413986095926}
  m_PrefabAsset: {fileID: 0}
  m_GameObject: {fileID: 0}
  m_Enabled: 1
  m_EditorHideFlags: 0
  m_Script: {fileID: 11500000, guid: 2a4c0c6cd9b347645ac040e46c77bff3, type: 3}
  m_Name: 
  m_EditorClassIdentifier: 
--- !u!1001 &1752257088302030796
PrefabInstance:
  m_ObjectHideFlags: 0
  serializedVersion: 2
  m_Modification:
    m_TransformParent: {fileID: 0}
    m_Modifications:
    - target: {fileID: 1752257089137561510, guid: 1e5f3a8a592b88745bc2e5f6fbba1ef1,
        type: 3}
      propertyPath: m_LocalPosition.x
      value: 8
      objectReference: {fileID: 0}
    - target: {fileID: 1752257089137561510, guid: 1e5f3a8a592b88745bc2e5f6fbba1ef1,
        type: 3}
      propertyPath: m_LocalPosition.y
      value: 6
      objectReference: {fileID: 0}
    - target: {fileID: 1752257089137561510, guid: 1e5f3a8a592b88745bc2e5f6fbba1ef1,
        type: 3}
      propertyPath: m_LocalPosition.z
      value: -10
      objectReference: {fileID: 0}
    - target: {fileID: 1752257089137561510, guid: 1e5f3a8a592b88745bc2e5f6fbba1ef1,
        type: 3}
      propertyPath: m_LocalRotation.x
      value: 0
      objectReference: {fileID: 0}
    - target: {fileID: 1752257089137561510, guid: 1e5f3a8a592b88745bc2e5f6fbba1ef1,
        type: 3}
      propertyPath: m_LocalRotation.y
      value: 0
      objectReference: {fileID: 0}
    - target: {fileID: 1752257089137561510, guid: 1e5f3a8a592b88745bc2e5f6fbba1ef1,
        type: 3}
      propertyPath: m_LocalRotation.z
      value: 0
      objectReference: {fileID: 0}
    - target: {fileID: 1752257089137561510, guid: 1e5f3a8a592b88745bc2e5f6fbba1ef1,
        type: 3}
      propertyPath: m_LocalRotation.w
      value: 1
      objectReference: {fileID: 0}
    - target: {fileID: 1752257089137561510, guid: 1e5f3a8a592b88745bc2e5f6fbba1ef1,
        type: 3}
      propertyPath: m_RootOrder
      value: 0
      objectReference: {fileID: 0}
    - target: {fileID: 1752257089137561510, guid: 1e5f3a8a592b88745bc2e5f6fbba1ef1,
        type: 3}
      propertyPath: m_LocalEulerAnglesHint.x
      value: 0
      objectReference: {fileID: 0}
    - target: {fileID: 1752257089137561510, guid: 1e5f3a8a592b88745bc2e5f6fbba1ef1,
        type: 3}
      propertyPath: m_LocalEulerAnglesHint.y
      value: 0
      objectReference: {fileID: 0}
    - target: {fileID: 1752257089137561510, guid: 1e5f3a8a592b88745bc2e5f6fbba1ef1,
        type: 3}
      propertyPath: m_LocalEulerAnglesHint.z
      value: 0
      objectReference: {fileID: 0}
    - target: {fileID: 1752257089137561515, guid: 1e5f3a8a592b88745bc2e5f6fbba1ef1,
        type: 3}
      propertyPath: m_Name
      value: Main Camera
      objectReference: {fileID: 0}
    m_RemovedComponents: []
  m_SourcePrefab: {fileID: 100100000, guid: 1e5f3a8a592b88745bc2e5f6fbba1ef1, type: 3}
--- !u!1001 &2365048413986095926
PrefabInstance:
  m_ObjectHideFlags: 0
  serializedVersion: 2
  m_Modification:
    m_TransformParent: {fileID: 0}
    m_Modifications:
    - target: {fileID: 2365048415954815626, guid: 80be961a2daaf43408fb1fc3438268f1,
        type: 3}
      propertyPath: m_LocalPosition.x
      value: 9.52
      objectReference: {fileID: 0}
    - target: {fileID: 2365048415954815626, guid: 80be961a2daaf43408fb1fc3438268f1,
        type: 3}
      propertyPath: m_LocalPosition.y
      value: 0.29999995
      objectReference: {fileID: 0}
    - target: {fileID: 2365048415954815626, guid: 80be961a2daaf43408fb1fc3438268f1,
        type: 3}
      propertyPath: m_LocalPosition.z
      value: 0
      objectReference: {fileID: 0}
    - target: {fileID: 2365048415954815626, guid: 80be961a2daaf43408fb1fc3438268f1,
        type: 3}
      propertyPath: m_LocalRotation.x
      value: 0
      objectReference: {fileID: 0}
    - target: {fileID: 2365048415954815626, guid: 80be961a2daaf43408fb1fc3438268f1,
        type: 3}
      propertyPath: m_LocalRotation.y
      value: 0
      objectReference: {fileID: 0}
    - target: {fileID: 2365048415954815626, guid: 80be961a2daaf43408fb1fc3438268f1,
        type: 3}
      propertyPath: m_LocalRotation.z
      value: 0
      objectReference: {fileID: 0}
    - target: {fileID: 2365048415954815626, guid: 80be961a2daaf43408fb1fc3438268f1,
        type: 3}
      propertyPath: m_LocalRotation.w
      value: 1
      objectReference: {fileID: 0}
    - target: {fileID: 2365048415954815626, guid: 80be961a2daaf43408fb1fc3438268f1,
        type: 3}
      propertyPath: m_RootOrder
      value: 3
      objectReference: {fileID: 0}
    - target: {fileID: 2365048415954815626, guid: 80be961a2daaf43408fb1fc3438268f1,
        type: 3}
      propertyPath: m_LocalEulerAnglesHint.x
      value: 0
      objectReference: {fileID: 0}
    - target: {fileID: 2365048415954815626, guid: 80be961a2daaf43408fb1fc3438268f1,
        type: 3}
      propertyPath: m_LocalEulerAnglesHint.y
      value: 0
      objectReference: {fileID: 0}
    - target: {fileID: 2365048415954815626, guid: 80be961a2daaf43408fb1fc3438268f1,
        type: 3}
      propertyPath: m_LocalEulerAnglesHint.z
      value: 0
      objectReference: {fileID: 0}
    - target: {fileID: 2365048415954815628, guid: 80be961a2daaf43408fb1fc3438268f1,
        type: 3}
      propertyPath: m_Name
      value: Paddle
      objectReference: {fileID: 0}
    m_RemovedComponents: []
  m_SourcePrefab: {fileID: 100100000, guid: 80be961a2daaf43408fb1fc3438268f1, type: 3}
--- !u!1001 &3939653768236366254
PrefabInstance:
  m_ObjectHideFlags: 0
  serializedVersion: 2
  m_Modification:
    m_TransformParent: {fileID: 0}
    m_Modifications:
    - target: {fileID: 3939653768566097066, guid: 0e6341eed72707d41a9a6b6fad6e23f4,
        type: 3}
      propertyPath: paddle1
      value: 
      objectReference: {fileID: 1973963198}
    - target: {fileID: 3939653768566097071, guid: 0e6341eed72707d41a9a6b6fad6e23f4,
        type: 3}
      propertyPath: m_LocalPosition.x
      value: 9.49
      objectReference: {fileID: 0}
    - target: {fileID: 3939653768566097071, guid: 0e6341eed72707d41a9a6b6fad6e23f4,
        type: 3}
      propertyPath: m_LocalPosition.y
      value: 0.78
      objectReference: {fileID: 0}
    - target: {fileID: 3939653768566097071, guid: 0e6341eed72707d41a9a6b6fad6e23f4,
        type: 3}
      propertyPath: m_LocalPosition.z
      value: 0
      objectReference: {fileID: 0}
    - target: {fileID: 3939653768566097071, guid: 0e6341eed72707d41a9a6b6fad6e23f4,
        type: 3}
      propertyPath: m_LocalRotation.x
      value: 0
      objectReference: {fileID: 0}
    - target: {fileID: 3939653768566097071, guid: 0e6341eed72707d41a9a6b6fad6e23f4,
        type: 3}
      propertyPath: m_LocalRotation.y
      value: 0
      objectReference: {fileID: 0}
    - target: {fileID: 3939653768566097071, guid: 0e6341eed72707d41a9a6b6fad6e23f4,
        type: 3}
      propertyPath: m_LocalRotation.z
      value: 0
      objectReference: {fileID: 0}
    - target: {fileID: 3939653768566097071, guid: 0e6341eed72707d41a9a6b6fad6e23f4,
        type: 3}
      propertyPath: m_LocalRotation.w
      value: 1
      objectReference: {fileID: 0}
    - target: {fileID: 3939653768566097071, guid: 0e6341eed72707d41a9a6b6fad6e23f4,
        type: 3}
      propertyPath: m_RootOrder
      value: 4
      objectReference: {fileID: 0}
    - target: {fileID: 3939653768566097071, guid: 0e6341eed72707d41a9a6b6fad6e23f4,
        type: 3}
      propertyPath: m_LocalEulerAnglesHint.x
      value: 0
      objectReference: {fileID: 0}
    - target: {fileID: 3939653768566097071, guid: 0e6341eed72707d41a9a6b6fad6e23f4,
        type: 3}
      propertyPath: m_LocalEulerAnglesHint.y
      value: 0
      objectReference: {fileID: 0}
    - target: {fileID: 3939653768566097071, guid: 0e6341eed72707d41a9a6b6fad6e23f4,
        type: 3}
      propertyPath: m_LocalEulerAnglesHint.z
      value: 0
      objectReference: {fileID: 0}
    - target: {fileID: 3939653768566097233, guid: 0e6341eed72707d41a9a6b6fad6e23f4,
        type: 3}
      propertyPath: m_Name
      value: Ball
      objectReference: {fileID: 0}
    m_RemovedComponents: []
  m_SourcePrefab: {fileID: 100100000, guid: 0e6341eed72707d41a9a6b6fad6e23f4, type: 3}
--- !u!1001 &7096877479238168034
PrefabInstance:
  m_ObjectHideFlags: 0
  serializedVersion: 2
  m_Modification:
    m_TransformParent: {fileID: 0}
    m_Modifications:
    - target: {fileID: 7096877478370443220, guid: 1d567578bf968a74a80054a040d63a9c,
        type: 3}
      propertyPath: m_Name
      value: SceneLoader
      objectReference: {fileID: 0}
    - target: {fileID: 7096877478370443226, guid: 1d567578bf968a74a80054a040d63a9c,
        type: 3}
      propertyPath: m_LocalPosition.x
      value: 94.87238
      objectReference: {fileID: 0}
    - target: {fileID: 7096877478370443226, guid: 1d567578bf968a74a80054a040d63a9c,
        type: 3}
      propertyPath: m_LocalPosition.y
      value: 198.5739
      objectReference: {fileID: 0}
    - target: {fileID: 7096877478370443226, guid: 1d567578bf968a74a80054a040d63a9c,
        type: 3}
      propertyPath: m_LocalPosition.z
      value: -248.64842
      objectReference: {fileID: 0}
    - target: {fileID: 7096877478370443226, guid: 1d567578bf968a74a80054a040d63a9c,
        type: 3}
      propertyPath: m_LocalRotation.x
      value: 0
      objectReference: {fileID: 0}
    - target: {fileID: 7096877478370443226, guid: 1d567578bf968a74a80054a040d63a9c,
        type: 3}
      propertyPath: m_LocalRotation.y
      value: 0
      objectReference: {fileID: 0}
    - target: {fileID: 7096877478370443226, guid: 1d567578bf968a74a80054a040d63a9c,
        type: 3}
      propertyPath: m_LocalRotation.z
      value: 0
      objectReference: {fileID: 0}
    - target: {fileID: 7096877478370443226, guid: 1d567578bf968a74a80054a040d63a9c,
        type: 3}
      propertyPath: m_LocalRotation.w
      value: 1
      objectReference: {fileID: 0}
    - target: {fileID: 7096877478370443226, guid: 1d567578bf968a74a80054a040d63a9c,
        type: 3}
      propertyPath: m_RootOrder
      value: 2
      objectReference: {fileID: 0}
    - target: {fileID: 7096877478370443226, guid: 1d567578bf968a74a80054a040d63a9c,
        type: 3}
      propertyPath: m_LocalEulerAnglesHint.x
      value: 0
      objectReference: {fileID: 0}
    - target: {fileID: 7096877478370443226, guid: 1d567578bf968a74a80054a040d63a9c,
        type: 3}
      propertyPath: m_LocalEulerAnglesHint.y
      value: 0
      objectReference: {fileID: 0}
    - target: {fileID: 7096877478370443226, guid: 1d567578bf968a74a80054a040d63a9c,
        type: 3}
      propertyPath: m_LocalEulerAnglesHint.z
      value: 0
      objectReference: {fileID: 0}
    m_RemovedComponents: []
  m_SourcePrefab: {fileID: 100100000, guid: 1d567578bf968a74a80054a040d63a9c, type: 3}
--- !u!1001 &8313157393936979593
PrefabInstance:
  m_ObjectHideFlags: 0
  serializedVersion: 2
  m_Modification:
    m_TransformParent: {fileID: 0}
    m_Modifications:
    - target: {fileID: 8313157393367171620, guid: 2c98fda708638ff42b68e602d33afbfd,
        type: 3}
      propertyPath: m_Name
      value: Play Space
      objectReference: {fileID: 0}
    - target: {fileID: 8313157393367171623, guid: 2c98fda708638ff42b68e602d33afbfd,
        type: 3}
      propertyPath: m_LocalPosition.x
      value: 0
      objectReference: {fileID: 0}
    - target: {fileID: 8313157393367171623, guid: 2c98fda708638ff42b68e602d33afbfd,
        type: 3}
      propertyPath: m_LocalPosition.y
      value: 0
      objectReference: {fileID: 0}
    - target: {fileID: 8313157393367171623, guid: 2c98fda708638ff42b68e602d33afbfd,
        type: 3}
      propertyPath: m_LocalPosition.z
      value: 0
      objectReference: {fileID: 0}
    - target: {fileID: 8313157393367171623, guid: 2c98fda708638ff42b68e602d33afbfd,
        type: 3}
      propertyPath: m_LocalRotation.x
      value: 0
      objectReference: {fileID: 0}
    - target: {fileID: 8313157393367171623, guid: 2c98fda708638ff42b68e602d33afbfd,
        type: 3}
      propertyPath: m_LocalRotation.y
      value: 0
      objectReference: {fileID: 0}
    - target: {fileID: 8313157393367171623, guid: 2c98fda708638ff42b68e602d33afbfd,
        type: 3}
      propertyPath: m_LocalRotation.z
      value: 0
      objectReference: {fileID: 0}
    - target: {fileID: 8313157393367171623, guid: 2c98fda708638ff42b68e602d33afbfd,
        type: 3}
      propertyPath: m_LocalRotation.w
      value: 1
      objectReference: {fileID: 0}
    - target: {fileID: 8313157393367171623, guid: 2c98fda708638ff42b68e602d33afbfd,
        type: 3}
      propertyPath: m_RootOrder
      value: 5
      objectReference: {fileID: 0}
    - target: {fileID: 8313157393367171623, guid: 2c98fda708638ff42b68e602d33afbfd,
        type: 3}
      propertyPath: m_LocalEulerAnglesHint.x
      value: 0
      objectReference: {fileID: 0}
    - target: {fileID: 8313157393367171623, guid: 2c98fda708638ff42b68e602d33afbfd,
        type: 3}
      propertyPath: m_LocalEulerAnglesHint.y
      value: 0
      objectReference: {fileID: 0}
    - target: {fileID: 8313157393367171623, guid: 2c98fda708638ff42b68e602d33afbfd,
        type: 3}
      propertyPath: m_LocalEulerAnglesHint.z
      value: 0
      objectReference: {fileID: 0}
    m_RemovedComponents: []
  m_SourcePrefab: {fileID: 100100000, guid: 2c98fda708638ff42b68e602d33afbfd, type: 3}
--- !u!1001 &9109009897840148367
PrefabInstance:
  m_ObjectHideFlags: 0
  serializedVersion: 2
  m_Modification:
    m_TransformParent: {fileID: 0}
    m_Modifications:
    - target: {fileID: 9109009898676086411, guid: b230c22c96b853748b41372d4e50e754,
        type: 3}
      propertyPath: m_LocalPosition.x
      value: 0
      objectReference: {fileID: 0}
    - target: {fileID: 9109009898676086411, guid: b230c22c96b853748b41372d4e50e754,
        type: 3}
      propertyPath: m_LocalPosition.y
      value: 0
      objectReference: {fileID: 0}
    - target: {fileID: 9109009898676086411, guid: b230c22c96b853748b41372d4e50e754,
        type: 3}
      propertyPath: m_LocalPosition.z
      value: 0
      objectReference: {fileID: 0}
    - target: {fileID: 9109009898676086411, guid: b230c22c96b853748b41372d4e50e754,
        type: 3}
      propertyPath: m_LocalRotation.x
      value: 0
      objectReference: {fileID: 0}
    - target: {fileID: 9109009898676086411, guid: b230c22c96b853748b41372d4e50e754,
        type: 3}
      propertyPath: m_LocalRotation.y
      value: 0
      objectReference: {fileID: 0}
    - target: {fileID: 9109009898676086411, guid: b230c22c96b853748b41372d4e50e754,
        type: 3}
      propertyPath: m_LocalRotation.z
      value: 0
      objectReference: {fileID: 0}
    - target: {fileID: 9109009898676086411, guid: b230c22c96b853748b41372d4e50e754,
        type: 3}
      propertyPath: m_LocalRotation.w
      value: 1
      objectReference: {fileID: 0}
    - target: {fileID: 9109009898676086411, guid: b230c22c96b853748b41372d4e50e754,
        type: 3}
      propertyPath: m_RootOrder
      value: 1
      objectReference: {fileID: 0}
    - target: {fileID: 9109009898676086411, guid: b230c22c96b853748b41372d4e50e754,
        type: 3}
      propertyPath: m_LocalEulerAnglesHint.x
      value: 0
      objectReference: {fileID: 0}
    - target: {fileID: 9109009898676086411, guid: b230c22c96b853748b41372d4e50e754,
        type: 3}
      propertyPath: m_LocalEulerAnglesHint.y
      value: 0
      objectReference: {fileID: 0}
    - target: {fileID: 9109009898676086411, guid: b230c22c96b853748b41372d4e50e754,
        type: 3}
      propertyPath: m_LocalEulerAnglesHint.z
      value: 0
      objectReference: {fileID: 0}
    - target: {fileID: 9109009898676086414, guid: b230c22c96b853748b41372d4e50e754,
        type: 3}
      propertyPath: m_Name
      value: EventSystem
      objectReference: {fileID: 0}
    m_RemovedComponents: []
  m_SourcePrefab: {fileID: 100100000, guid: b230c22c96b853748b41372d4e50e754, type: 3}
